General information
- name: Partida local (miguel)
- type: Custom game
- host: miguel
- saver:
map: TerenasStand
- players: 2
- length: 50:39
- speed: Fast
- version: 1.26 W3XP
- replay type: Public
» download(254 KB)
Players
team 1 (winner)
miguel (
brown | 55 APM | 2776 actions | 50:39)
9 Blademaster
3 Wind Walk
3 Critical Strike
1 Bladestorm
2 Mirror Image
» actions
| Assign group hotkey | 53 | |
| Basic commands | 10 | |
| Build / train | 115 | |
| Enter build submenu | 29 | |
| Enter hero's abilities submenu | 10 | |
| Give item / drop item | 15 | |
| Remove unit from queue | 4 | |
| Right click | 1571 | |
| Select / deselect | 602 | |
| Select group hotkey | 174 | |
| Use ability | 193 | |
2776 total
» units
| Peon | 15 | |
| Raider | 10 | |
| Wind Rider | 8 | |
| Demolisher | 6 | |
| Troll Batrider | 2 | |
| Forest Troll Shadow Priest | 1 | |
| Goblin Sapper | 4 | |
| Goblin Zeppelin | 1 | |
47 total
» upgrades
| Pillage | 1 | |
| Ensnare | 1 | |
| Armor | 2 | |
| Spiked Barricades | 2 | |
| Envenomed Spears | 1 | |
| Burning Oil | 1 | |
8 total
» buildings
| Altar of Storms | 1 | |
| Orc Burrow | 8 | |
| Voodoo Lounge | 1 | |
| War Mill | 1 | |
| Watch Tower | 9 | |
| Stronghold | 1 | |
| Beastiary | 2 | |
| Fortress | 1 | |
| Great Hall | 1 | |
| Barracks | 4 | |
29 total
» build order
00:05 Altar of Storms
00:10 Orc Burrow
00:36 Voodoo Lounge
01:04 Orc Burrow
01:07 Orc Burrow
01:44 War Mill
03:03 Watch Tower
03:28 Stronghold
05:10 Watch Tower
05:49 Watch Tower
05:56 Beastiary
06:00 Beastiary
06:09 Orc Burrow
06:12 Watch Tower
06:24 Watch Tower
08:48 Watch Tower
08:50 Watch Tower
12:49 Orc Burrow
13:40 Orc Burrow
13:43 Fortress
17:28 Great Hall
18:55 Orc Burrow
20:31 Watch Tower
23:06 Barracks
26:30 Watch Tower
41:36 Barracks
41:41 Barracks
43:59 Barracks
48:25 Orc Burrow
» items
| Lesser Clarity Potion | 9 | |
| Scroll of Speed | 4 | |
| Healing Salve | 12 | |
| Circlet of Nobility | 4 | |
| Staff of Teleportation | 1 | |
| Periapt of Vitality | 1 | |
| Potion of Healing | 5 | |
| Potion of Mana | 3 | |
| Potion of Lesser Invulnerability | 1 | |
| Scroll of Healing | 2 | |
| Orb of Lightning | 1 | |
| Tiny Great Hall | 1 | |
44 total
team 2 (loser)
kodachi (
pink | 52 APM | 2585 actions | 50:02)
4 Shadow Hunter
1 Hex
1 Serpent Ward
2 Healing Wave
3 Blademaster
2 Wind Walk
1 Critical Strike
» actions
| Assign group hotkey | 29 | |
| Basic commands | 3 | |
| Build / train | 91 | |
| Enter build submenu | 30 | |
| Enter hero's abilities submenu | 7 | |
| Give item / drop item | 2 | |
| Remove unit from queue | 7 | |
| Right click | 1596 | |
| Select / deselect | 581 | |
| Select group hotkey | 88 | |
| Use ability | 151 | |
2585 total
» units
| Peon | 12 | |
| Grunt | 10 | |
| Troll Headhunter/Berserker | 9 | |
| Kodo Beast | 5 | |
| Demolisher | 2 | |
| Wind Rider | 5 | |
43 total
» upgrades
| Pillage | 1 | |
| Spiked Barricades | 1 | |
| Armor | 1 | |
| Berserker Strength | 1 | |
| Melee Weapons | 0 | |
| Troll Regeneration | 1 | |
| War Drums Damage Increase | 1 | |
| Envenomed Spears | 1 | |
7 total
» buildings
| Altar of Storms | 1 | |
| Orc Burrow | 4 | |
| War Mill | 2 | |
| Barracks | 2 | |
| Watch Tower | 10 | |
| Voodoo Lounge | 2 | |
| Stronghold | 1 | |
| Beastiary | 2 | |
| Fortress | 1 | |
| Great Hall | 2 | |
27 total
» build order
00:09 Altar of Storms
00:14 Orc Burrow
00:24 War Mill
01:27 Barracks
02:06 Watch Tower
02:35 Voodoo Lounge
03:58 Orc Burrow
04:03 Watch Tower
04:46 Orc Burrow
06:00 Watch Tower
06:14 Orc Burrow
07:27 Barracks
07:51 Stronghold
10:27 Beastiary
10:45 Watch Tower
11:05 Beastiary
11:26 War Mill
12:50 Watch Tower
14:30 Fortress
15:46 Watch Tower
15:47 Watch Tower
15:48 Watch Tower
17:26 Watch Tower
18:45 Great Hall
18:49 Watch Tower
20:19 Great Hall
20:30 Voodoo Lounge
» items
| Scroll of Speed | 1 | |
| Lesser Clarity Potion | 8 | |
| Healing Salve | 4 | |
| Potion of Mana | 5 | |
| Scroll of Town Portal | 1 | |
| Potion of Healing | 3 | |
| Orb of Lightning | 1 | |
23 total
Chat log
(35:55 / All) kodachi: buena tío
(36:00 / All) kodachi: esta ha estado mejor
(36:07 / All) miguel: ya es me as dao cania
(36:10 / All) miguel: no tienes oro xD?
(36:10 / All) kodachi: por lo menos no he sio un manco
(36:14 / All) kodachi: nop
(36:27 / All) kodachi: ni aldeanos
(36:46 / All) miguel: ni uno xD?
(36:53 / All) kodachi: dejamoe cojer oro tío
(37:04 / All) kodachi: me lo estás matando al ke tengo
(37:14 / All) miguel: sige vivo ?
(37:17 / All) kodachi: sip
(37:23 / All) miguel: ya esta despejado
(37:33 / All) kodachi: si le dejas dar un viaje más revivo al héroe
(38:13 / All) kodachi: ha estao bien
(38:17 / All) kodachi: sales hoy ??
(38:25 / All) miguel: pues no lo tenia pensado y tu ?
(38:37 / All) kodachi: tpc
(38:43 / All) kodachi: si te quieres daruna vuelta ahora
(39:23 / All) kodachi: está bien la táctica de los incursores
(39:27 / All) kodachi: pero pierdes muchos
(39:45 / All) miguel: ya es k no me ha salio bien
(39:56 / All) kodachi: ahí está mi heroe
(41:42 / All) kodachi: jajajja
(41:46 / All) kodachi: qué hacemos ??
(41:50 / All) miguel: revive al otro
(41:53 / All) miguel: aver si me lo bajas xD
(41:57 / All) kodachi: no tengo pasta
(42:06 / All) kodachi: me cuesta 300 revivirlo y tengo 42
(42:11 / All) miguel: espera
(42:40 / All) miguel: te he dejao un objeto
(42:48 / All) kodachi: gracias
(43:00 / All) miguel: era una sala principal e.e XD
(43:03 / All) miguel: pa k ganases oro
(44:27 / All) kodachi: tonces salimos ??
(45:03 / All) kodachi: amoos a pegarnos
(48:06 / All) kodachi: ok
(48:10 / All) miguel: kieres ver
(48:10 / All) kodachi: kill me
(48:12 / All) miguel: algo chulo xD ?
(48:15 / All) kodachi: venga
(49:42 / All) kodachi: abajo